AoeStats
← AiM | Facu1414

Arena

508567769Analyzed
4v4 RM · 8d ago on Sep 23, 2026· 40m 51s· 8 players
Game mode
Random Map
Map size
Large (8 player)
Population
200
Speed
Normal
Resources
Standard
Victory
Conquest
Starting age
Dark Age
Ending age
Imperial Age
RankedLock teamsTeams togetherTeam positionsShared explorationLock speedFull tech treeHidden civsTurbo modeCheats
Victory
Defeat
🇨🇱 Turks · Chile
1510
+14
🇦🇷 Jurchens · Argentina
1494
+15
🇨🇱 Malay · Chile
1477
+15
🇨🇳 Magyars · China
1472
+16
🇦🇷 Khmer · Argentina
1570
-18
🇦🇷 Teutons · Argentina
1527
-18
🇨🇱 Bohemians · Chile
1405
-13
🇺🇸 Wu · United States
1363
-11
AIM | Agua cate 98
5:53 Loom
8:19 Feudal Age
8:57 Double-Bit Axe
9:50 Fletching
15:52 Horse Collar
16:45 Town Watch
19:27 Wheelbarrow
24:37 Castle Age
23:13 Stone Mining
25:22 Bodkin Arrow
26:20 Guard Tower
28:46 Hand Cart
34:15 Imperial Age
32:31 Fortified Wall
34:24 Ballistics
37:06 Chemistry
37:34 Masonry
39:17 Stone Shaft Mining
39:48 Town Patrol
AiM | TheBlackMamba
9:57 Feudal Age
11:15 Loom
12:52 Double-Bit Axe
15:25 Castle Age
14:20 Fletching
14:21 Double-Bit Axe
16:30 Bow Saw
17:45 Fletching
20:54 Bodkin Arrow
25:10 Horse Collar
26:43 Wheelbarrow
26:29 Heavy Plow
29:32 Imperial Age
28:42 Chemistry
34:26 Wheelbarrow
35:36 Hand Cart
35:07 Town Watch
AiM | _MrSuomi
9:43 Feudal Age
14:13 Castle Age
12:56 Horse Collar
13:57 Double-Bit Axe
21:24 Scale Barding Armor
22:40 Bloodlines
25:59 Bow Saw
26:14 Heavy Plow
26:09 Gold Mining
31:33 Wheelbarrow
30:43 Town Watch
31:40 Chain Barding Armor
31:42 Loom
34:30 Imperial Age
33:06 Forging
36:08 Light Cavalry
37:54 Plate Barding Armor
38:35 Iron Casting
38:43 Heavy Hei Guang Cavalry
40:53 Blast Furnace
AiM | Facu1414
9:46 Feudal Age
10:26 Loom
13:12 Castle Age
12:19 Double-Bit Axe
13:24 Light Cavalry
16:38 Horse Collar
21:34 Heavy Plow
22:07 Bow Saw
22:43 Wheelbarrow
23:10 Town Watch
23:59 Hand Cart
23:38 Gold Mining
27:32 Imperial Age
25:30 Bloodlines
25:21 Husbandry
25:43 Scale Barding Armor
25:49 Forging
26:19 Gold Shaft Mining
26:56 Chain Barding Armor
28:07 Iron Casting
29:13 Plate Barding Armor
31:36 Blast Furnace
30:51 Tusk Swords
32:37 Conscription
33:13 Elite Battle Elephant
37:27 Fletching
38:42 Chemistry
38:02 Ballistics
38:18 Fortified Wall
39:18 Bodkin Arrow
El Choro Stifen
8:33 Loom
10:46 Feudal Age
19:02 Wheelbarrow
20:09 Fletching
21:10 Wheelbarrow
24:11 Castle Age
22:32 Stone Mining
22:32 Double-Bit Axe
23:05 Horse Collar
28:38 Bodkin Arrow
29:54 Bow Saw
30:55 Heavy Plow
33:21 Pikeman
37:44 Gold Mining
39:54 Hand Cart
39:27 Town Watch
40:00 Hand Cart
42:34 Imperial Age
40:18 Forging
40:08 Padded Archer Armor
40:18 Squires
40:04 Arson
41:42 Iron Casting
木薯大王
10:58 Feudal Age
14:30 Castle Age
12:22 Horse Collar
15:14 Double-Bit Axe
15:32 Heavy Plow
16:11 Bow Saw
21:36 Wheelbarrow
21:26 Gold Mining
21:53 Stone Mining
23:59 Hand Cart
27:55 Imperial Age
26:27 Gold Shaft Mining
25:49 Loom
26:14 Fletching
26:24 Padded Archer Armor
26:33 Scale Barding Armor
26:46 Treadmill Crane
28:14 Chain Barding Armor
27:51 Bodkin Arrow
28:11 Leather Archer Armor
28:00 Corvinian Army
28:39 Bracer
29:00 Conscription
29:23 Ballistics
30:03 Chemistry
30:21 Parthian Tactics
30:29 Thumb Ring
31:19 Recurve Bow
31:03 Heavy Cavalry Archer
33:15 Two-Man Saw
32:37 Elite Magyar Huszar
35:26 Crop Rotation
35:39 Ring Archer Armor
35:49 Plate Barding Armor
37:41 Coinage
39:02 Banking
x
10:45 Feudal Age
15:09 Castle Age
13:51 Double-Bit Axe
15:31 Wheelbarrow
14:38 Horse Collar
18:21 Bow Saw
18:48 Heavy Plow
22:33 Gold Mining
22:33 Stone Mining
22:46 Loom
24:22 Gold Shaft Mining
24:25 Hand Cart
26:27 Scale Barding Armor
26:23 Husbandry
26:33 Bloodlines
26:41 Bloodlines
31:06 Imperial Age
28:53 Forging
30:25 Iron Casting
32:50 Blast Furnace
31:50 Elite Steppe Lancer
33:35 Conscription
34:20 Chain Barding Armor
36:08 Plate Barding Armor
38:16 Two-Man Saw
38:02 Crop Rotation
40:11 Chemistry
Patopsx
7:38 Loom
10:04 Feudal Age
14:04 Castle Age
13:16 Double-Bit Axe
19:56 Horse Collar
24:08 Wheelbarrow
27:43 Imperial Age
25:39 Gold Mining
26:50 Heavy Plow
27:01 Bow Saw
31:10 Town Watch
34:34 Hand Cart
37:28 Conscription
36:54 Elite Janissary
39:30 Stone Mining
Connection lost

Rejoining the realm…

Still unreachable

The connection could not be restored.

Session expired

The server has moved on; the page needs a fresh start.